 Dungeon Crawl Stone Soup version 0.21.1-1-g345015f (webtiles) character file.

94 shakethe the Firebug (level 4, -1/24 HPs)
             Began as a Tengu Fire Elementalist on Feb 9, 2018.
             Slain by a wight
             ... wielding a +3 spear of freezing
              (4 damage)
             ... on level 3 of the Dungeon.
             The game lasted 00:07:51 (2749 turns).

shakethe the Firebug (Tengu Fire Elementalist)      Turns: 2749, Time: 00:07:52

Health: -1/24      AC:  3    Str:  9    XL:     4   Next: 63%
Magic:  4/8        EV: 12    Int: 16    God:
Gold:   146        SH:  0    Dex: 14    Spells: 3/7 levels left

rFire    . . .     SeeInvis .   j - +1 short sword (flame)
rCold    . . .     Gourm    .   (no shield)
rNeg     . . .     Faith    .   a - +0 robe
rPois    .         Spirit   .   (helmet restricted)
rElec    .         Reflect  .   (no cloak)
rCorr    .         Harm     .   m - +0 pair of gloves
MR       .....                  (boots unavailable)
Stlth    ++........             (no amulet)
HPRegen  0.08/turn              (no ring)
MPRegen  0.11/turn              (no ring)

@: drained
A: beak, talons 3
a: no special abilities


You were on level 3 of the Dungeon.
You were not hungry.

You visited 1 branch of the dungeon, and saw 3 of its levels.

You collected 146 gold pieces.

Inventory:

Hand Weapons
 j - a +1 short sword of flaming (weapon)
   (You took it off a kobold on level 1 of the Dungeon)
Missiles
 n - 4 curare-tipped needles
Armour
 a - a +0 robe (worn)
 m - a +0 pair of gloves (worn)
   (You found it on level 2 of the Dungeon)
Scrolls
 f - a scroll of noise {unknown}
 g - 5 scrolls of remove curse {unknown}
 i - a scroll of magic mapping {unknown}
 k - a scroll of identify {unknown}
 o - a scroll of immolation {unknown}
 p - a scroll of amnesia {unknown}
Potions
 d - 2 potions of degeneration {unknown}
 e - a potion of mutation {unknown}
 h - a potion of might {unknown}
 l - a potion of lignification {unknown}
Books
 b - a book of Flames
 q - a book of Minor Magic
   (You found it on level 3 of the Dungeon)
Comestibles
 c - 8 rations


   Skills:
 - Level 2.1(1.9) Dodging
 - Level 2.0(1.7) Stealth
 + Level 2.0(1.7) Spellcasting
 + Level 4.1(3.7) Conjurations
 + Level 4.6(4.3) Fire Magic


You had 3 spell levels left.
You knew the following spells:

 Your Spells              Type           Power        Failure   Level  Hunger
a - Flame Tongue          Conj/Fire      ##...        4%          1    ##.....
c - Conjure Flame         Conj/Fire      ##......     12%         3    ####...


Dungeon Overview and Level Annotations

Branches:
Dungeon (3/15)

Altars:
Dithmenos
Gozag
Makhleb
Sif Muna
Wu Jian
Xom


Innate Abilities, Weirdness & Mutations

You have a beak for a mouth.
You have claws for feet.


Message History

The flame tongue hits the bat.
You kill the bat!
You now have 4/8 mp.
You can't see any susceptible monsters within range! (Use Z to cast anyway.) Unknown command.
r - 2 chunks of flesh {@w0} (gained 1)
A hobgoblin comes into view.
You regained 2 mp, and now have 6/8 mp.
The hobgoblin closely misses you.
Aim: a hobgoblin, wearing a leather armour The flame tongue hits the hobgoblin.
The hobgoblin appears unharmed.
The hobgoblin barely misses you.
You now have 5/8 mp.
Aim: a hobgoblin, wearing a leather armour The flame tongue hits the hobgoblin.
The hobgoblin appears unharmed.
The hobgoblin hits you.
You take 1 damage, and have 22/24 hp.
You now have 4/8 mp.
Aim: a hobgoblin, wearing a leather armour The flame tongue hits the hobgoblin.
You kill the hobgoblin!
You now have 3/8 mp.
Things that are here:
a leather armour; a hobgoblin corpse A hobgoblin comes into view.
It is wielding a club.
You can't see any susceptible monsters within range! (Use Z to cast anyway.)
Aim: a hobgoblin, wielding a club The flame tongue hits the hobgoblin.
The hobgoblin barely misses you.
You now have 4/8 mp.
Aim: a hobgoblin, wielding a club (severely wounded)
The flame tongue hits the hobgoblin.
You kill the hobgoblin!
You now have 3/8 mp.
Things that are here:
a club; a hobgoblin corpse A wight comes into view.
It is wielding a scimitar.
Health restored: 24; MP restored: 8 Unknown command.
You see here a dagger.
A goblin comes into view. It is wielding a club.
Aim: a goblin, wielding a club (resting)
The flame tongue hits the goblin.
You kill the goblin!
You are feeling hungry.
You now have 7/8 mp.
MP restored: 8 Some of the chunks of flesh in your inventory have rotted away.
s - a pair of gloves
There are no items here.
You start putting on your armour.
You continue putting on your pair of gloves. x4
You finish putting on your +0 pair of gloves.
Drop what? 19/52 slots (_ for help) (? for menu, Esc to quit)
You drop a pair of gloves.
Eating a chunk of flesh {@w0}.
You eat the chunk of flesh {@w0}.
Things that are here:
a club; a goblin corpse A worm comes into view.
Aim: a worm (resting)
The flame tongue hits the worm.
You now have 7/8 mp.
Aim: a worm (lightly wounded)
The flame tongue hits the worm.
You now have 6/8 mp.
Aim: a worm (moderately wounded)
The flame tongue hits the worm.
The worm appears unharmed.
The worm bites you but does no damage.
You now have 5/8 mp.
Aim: a worm (moderately wounded)
The flame tongue misses the worm.
You now have 4/8 mp.
Aim: a worm (moderately wounded)
The flame tongue hits the worm.
The worm bites you!
You take 11 damage, and have 13/24 hp.
MASSIVE DAMAGE!!
You now have 3/8 mp.
Aim: a worm (moderately wounded)
The flame tongue hits the worm.
You now have 2/8 mp.
The fire ignites!
You now have 0/8 mp.
Aim: a worm (lightly wounded)
The flame tongue hits the worm.
You now have 0/8 mp.
You see here a dagger.
An orc comes into view. It is wielding a hand axe.
A wight comes into view. It is wielding a spear of freezing.
A wight comes into view. It is wielding a dire flail.
The wight moves out of view.
A wight comes into view. It is wielding an enchanted spear.
You see here a dagger.
The wight hits you from afar with a spear of freezing.
The wight freezes you.
You take 6 damage, and have 12/24 hp.
MASSIVE DAMAGE!!
The wight hits you from afar with a spear of freezing!
* * * LOW HITPOINT WARNING * * *
You feel drained.
* * * LOW HITPOINT WARNING * * *
The wight freezes you.
You die...

# #.# #.# ######.# ...
.....#.## #.##########
#.##.#..##### #.##.[.....#
............####.##.####''#
#.##......).......#.#
#.##....w#.###z.....#
.....###.#.# ##...#.#
####.# #.#.# ##@##.#
#.###w#.# #.##.# #.....#.#
#..).# #.......# ###..# ##
##...#### #....# .# #...#
###.#..#
.####...######......#
....................###
......................


You could see a wight.

Vanquished Creatures
  2 adders (D:2)
  2 oozes
  A worm (D:2)
  3 dart slugs
  2 leopard geckos
  An orc (D:3)
  9 bats
  A giant cockroach (D:1)
  5 goblins
  6 hobgoblins
  2 jackals (D:1)
  10 kobolds
  A quokka (D:2)
  A ball python (D:1)
  A frilled lizard (D:2)
  6 rats
53 creatures vanquished.

Notes
Turn   | Place    | Note
-------+----------+-------------------------------------------
     0 | D:1      | shakethe the Tengu Fire Elementalist began the quest for the Orb.
     0 | D:1      | Reached XP level 1. HP: 10/10 MP: 4/4
   129 | D:1      | Reached skill level 2 in Conjurations
   136 | D:1      | Reached XP level 2. HP: 9/15 MP: 3/6
   422 | D:1      | Reached XP level 3. HP: 19/19 MP: 3/7
   520 | D:1      | Reached skill level 3 in Conjurations
   520 | D:1      | Reached skill level 4 in Fire Magic
  1094 | D:2      | Learned a level 3 spell: Conjure Flame
  1398 | D:2      | Found a shimmering altar of Xom.
  1412 | D:2      | Found a burning altar of Makhleb.
  1412 | D:2      | Found an ornate altar of the Wu Jian Council.
  1412 | D:2      | Found a shadowy altar of Dithmenos.
  1413 | D:2      | Found an opulent altar of Gozag.
  1417 | D:2      | Found a deep blue altar of Sif Muna.
  1688 | D:2      | Reached XP level 4. HP: 24/24 MP: 5/8
  2441 | D:3      | Reached skill level 4 in Conjurations
  2749 | D:3      | HP: 5/24 [wight/spear of freezing (7)]
  2749 | D:3      | Slain by a wight

Skill      XL: |  1  2  3  4 |
---------------+-------------+-----
Conjurations   | 2 3 4 |  4.1
Fire Magic     | 4 |  4.6
Dodging        | |  2.1
Stealth        | |  2.0
Spellcasting   | |  2.0

Action                   |  1- 3 |  4- 6 || total
-------------------------+-------+-------++-------
Melee: Mace              |     6 |       ||     6
       Short sword       |     2 |     4 ||     6
       Peck              |     1 |       ||     1
       Kick              |       |     2 ||     2
 Cast: Flame Tongue      |    55 |    40 ||    95
       Conjure Flame     |       |     1 ||     1
  Eat: Chunk             |     3 |     1 ||     4
       Ration            |       |     1 ||     1
Armor: Robe              |     8 |     6 ||    14
Dodge: Dodged            |    26 |    29 ||    55

Vault maps used:
D:1:      matt_arrival_spirals
D:2:      minitemple
D:3:      first_ration, kennysheep_generic_room_5

Table legend:
 A = Turns spent in this place as a percentage of turns spent in the entire game.
 B = Non-inter-level travel turns spent in this place as a percentage of non-inter-level travel turns spent in the entire game.
 C = Inter-level travel turns spent in this place as a percentage of turns spent in this place.
 D = Turns resting spent in this place as a percentage of non-inter-level travel turns spent in this place.
 E = Turns spent auto-exploring this place as a percentage of non-inter-level travel turns spent in this place.
 F = Non-inter-level travel turns spent in this place divided by the number of levels of this place that you've seen.
                   A       B       C       D       E      F
               +-------+-------+-------+-------+-------+----------------------
         Total | 100.0 | 100.0 |   6.0 |  17.7 |  58.3 | 861.0
       Dungeon | 100.0 | 100.0 |   6.0 |  17.7 |  58.3 | 861.0
               +-------+-------+-------+-------+-------+----------------------

Table legend:
 A = Kills in this place as a percentage of kills in entire the game.
 B = Kills by you in this place as a percentage of kills by you in the entire game.
 C = Kills by friends in this place as a percentage of kills by friends in the entire game.
 D = Other kills in this place as a percentage of other kills in the entire game.
 E = Experience gained in this place as a percentage of experience gained in the entire game.
 F = Experience gained in this place divided by the number of levels of this place that you have seen.
                   A       B       C       D       E      F
               +-------+-------+-------+-------+-------+----------------------
         Total | 100.0 | 100.0 |   N/A |   N/A | 100.0 |  45.0
       Dungeon | 100.0 | 100.0 |   N/A |   N/A | 100.0 |  45.0
               +-------+-------+-------+-------+-------+----------------------
